 Dungeon Crawl Stone Soup version 0.28-a0-915-gcd63401287 (webtiles) character file.

Game seed: 13056214185275848015

73 funkygono the Covered (level 4, -1/31 HPs)
             Began as a Gargoyle Fighter on Nov 25, 2021.
             Killed from afar by Sigmund (4 damage)
             ... with a puff of flame
             ... on level 3 of the Dungeon.
             The game lasted 00:03:09 (2298 turns).

funkygono the Covered (Gargoyle Fighter)            Turns: 2298, Time: 00:03:10

Health: -1/31      AC: 10    Str: 20    XL:     4   Next: 27%
Magic:  4/4        EV:  9    Int:  9    God:
Gold:   41         SH:  0    Dex:  9    Spells: 3/3 levels left

rFire   . . .      SeeInvis .   a - +0 flail
rCold   . . .      Faith    .   c - +0 buckler
rNeg    + . .      Spirit   .   b - +0 scale mail
rPois   ∞          Reflect  .   (no helmet)
rElec   +          Harm     .   (no cloak)
rCorr   .          Rampage  .   (no gloves)
Will    .....                   (no boots)
Stlth   ..........              (no amulet)
HPRegen 0.10/turn               (no ring)
MPRegen 0.09/turn               (no ring)

@: confused, mighty
A: sickness immunity, AC +3, negative energy resistance 1, electricity
resistance, torment resistance 1, petrification resistance, robust 1, wild magic
1, MP-powered wands
a: no special abilities


You were on level 3 of the Dungeon.
You visited 1 branch of the dungeon, and saw 3 of its levels.

You collected 41 gold pieces.

Inventory:

Hand Weapons
 a - a +0 flail (weapon)
Missiles
 g - 101 stones
 i - a silver javelin (quivered)
Armour
 b - a +0 scale mail (worn)
 c - a +0 buckler (worn)
Scrolls
 k - a scroll of magic mapping
 o - a scroll of acquirement {unknown}
 p - a scroll of teleportation {unknown}
Potions
 e - a potion of flight
 h - a potion of curing {unknown}
 j - a potion of berserk rage {unknown}
 l - a potion of ambrosia {unknown}
 m - a potion of brilliance {unknown}
 n - a potion of resistance {unknown}


   Skills:
 + Level 3.7 Fighting
 + Level 3.0 Maces & Flails
 + Level 3.9 Armour
 + Level 0.5 Dodging
 + Level 3.7 Shields


You had 3 spell levels left.
You didn't know any spells.
Your spell library was empty.

Dungeon Overview and Level Annotations

Branches:
Dungeon (3/15)

Altars:

Annotations:
D:3 Sigmund


Innate Abilities, Weirdness & Mutations

You are immune to sickness and miasma.
Your stone body is resilient. (AC +3)
You are immune to poison.
You resist negative energy. (rN+)
You are resistant to electric shocks. (rElec)
You are resistant to unholy torment.
You are immune to petrification.
You are robust. (+10% HP)
Your spells are a little harder to cast, but a little more powerful.
You expend magic power (3 MP) to strengthen your wands.


Message History

Aim: Sigmund, wielding a +0 scythe and wearing a +0 robe (heavily wounded, 50% to hit)
You throw a silver javelin.
The silver javelin closely misses Sigmund.
Sigmund hits you from afar with a +0 scythe.
You feel very mighty all of a sudden.
Sigmund hits you from afar with a +0 scythe.
You completely miss Sigmund.
Sigmund is heavily wounded.
Sigmund hits you with a +0 scythe!
An adder comes into view.
The adder hisses angrily.
You hit Sigmund.
Sigmund is heavily wounded.
You block Sigmund's attack.
Your scale mail prevents you from hitting Sigmund.
Sigmund is heavily wounded.
Sigmund hits you with a +0 scythe.
You closely miss Sigmund.
Sigmund is heavily wounded.
A rat comes into view.
Sigmund hits you with a +0 scythe.
* * * LOW HITPOINT WARNING * * *
You thump Sigmund!
Sigmund is almost dead.
Sigmund hits you but does no damage.
You closely miss Sigmund.
Sigmund is almost dead.
The adder bites you but does no damage. The adder bites you.
* * * LOW HITPOINT WARNING * * *
Sigmund flickers, as though insubstantial.
Sigmund points at you and mumbles some strange words.
You are confused.
It was a potion of mutation.
You feel extremely strange.
You feel less in control of your magic.
You feel your magical essence link to the dungeon's wands.
You feel robust. The adder bites you but does no damage.
Sigmund gestures at you while chanting. The puff of flame hits you.
You die...

.. #( . .. .. .#
... ##.##..
#(..r #@S#
####@.# #.<(..#
#.##†##
#.##.#####
#........# #
####.###.# .# ##
.........##.#<..
####.###........
#.........>##


You could see Sigmund, an adder and a rat.

Vanquished Creatures
  2 adders
  9 endoplasms
  2 giant cockroaches (D:2)
  4 hobgoblins
  A kobold (D:2)
  2 quokkas (D:1)
  6 ball pythons
  6 bats
  6 frilled lizards
  2 goblins (D:1)
  17 rats
57 creatures vanquished.

Notes
Turn   | Place    | Note
-------+----------+-------------------------------------------
     0 | D:1      | funkygono the Gargoyle Fighter began the quest for the Orb.
     0 | D:1      | Reached XP level 1. HP: 14/14 MP: 1/1
   315 | D:1      | Reached XP level 2. HP: 19/19 MP: 2/2
   613 | D:1      | Reached XP level 3. HP: 21/24 MP: 3/3
  1286 | D:2      | Found a faded altar of an unknown god.
  1995 | D:2      | Reached XP level 4. HP: 29/29 MP: 4/4
  2284 | D:3      | Noticed Sigmund
  2298 | D:3      | Gained mutation: Your spells are a little harder to cast,
                  | but a little more powerful. [potion of mutation]
  2298 | D:3      | Gained mutation: You expend magic power (3 MP) to
                  | strengthen your wands. [potion of mutation]
  2298 | D:3      | Gained mutation: You are robust. (+10% HP) [potion of
                  | mutation]
  2298 | D:3      | Killed from afar by Sigmund

Illustrated notes

Levels and vault maps discovered:
D:1:      nagdon_arrival_double_spiral, layout_basic, minmay_rat_gold_closets
D:2:      layout_basic, ebering_ecumenical_altar_abandoned,
          minmay_split_cup_small
D:3:      layout_loops_ring, grunt_ministairs_3, uniq_sigmund

Skill      XL: |  1  2  3  4 |
---------------+-------------+-----
Maces & Flails | 3 |  3.0
Fighting       | |  3.7
Armour         | |  3.9
Dodging        | |  0.5
Shields        | |  3.7

Action                   |  1- 3 |  4- 6 || total
-------------------------+-------+-------++-------
Melee: Flail             |   135 |    30 ||   165
Throw: Javelin           |       |     5 ||     5
       Stone             |       |     1 ||     1
  Use: Scroll            |     2 |       ||     2
       Potion            |       |     2 ||     2
Armor: Scale mail        |    80 |    18 ||    98
Dodge: Dodged            |    65 |    12 ||    77
Block: Buckler           |    27 |     5 ||    32

Table legend: (Time is in decaauts)
 A = Elapsed time spent in this place.
 B = Non-inter-level travel time spent in this place.
 C = Inter-level travel time spent in this place.
 D = Time resting spent in this place.
 E = Time spent auto-exploring this place.
 F = Levels seen in this place.
 G = Mean time per level.
                   A        B        C        D        E       F      G
               +--------+--------+--------+--------+--------+-----+--------+
         Total |   2347 |   2322 |     25 |      0 |   1841 |   3 |  782.3 |
       Dungeon |   2347 |   2322 |     25 |      0 |   1841 |   3 |  782.3 |
               +--------+--------+--------+--------+--------+-----+--------+

Top non-repeatable levels by time:
     D:1: 1202 daAuts
     D:2: 898 daAuts
     D:3: 246 daAuts
